 Dungeon Crawl Stone Soup version 0.31-a0-983-g7b6862f502 (webtiles) character file.

Game seed: 558829157775653174

2942 gruber the Cutter (level 9, -2/47 HPs)
             Began as a Vine Stalker Fighter on Nov 2, 2023.
             Was a Believer of Uskayaw.
             Slain by a shadow (23 damage)
             ... on level 8 of the Dungeon.
             The game lasted 00:07:38 (4671 turns).

gruber the Cutter (Vine Stalker Fighter)            Turns: 4671, Time: 00:07:39

Health: -2/47      AC:  8    Str: 29    XL:     9   Next: 80%
Magic:  0/10       EV: 13    Int:  8    God:    Uskayaw [**....]
Gold:   192        SH: 11    Dex: 21    Spells: 8/8 levels left

rFire   + . .        y - +2 short sword (venom)
rCold   + . .        c - +0 buckler
rNeg    . . .        b - +0 scale mail
rPois   +            (no helmet)
rElec   .            f - scarf {rC+ rF+}
rCorr   .            (no gloves)
SInv    .            n - +0 pair of boots
Will    +....        z - amulet of reflection
Stlth   +            s - +6 ring of strength
HPRegen 1.07/turn    r - ring "Yluets" {rPois Str+4 Dex+3}
MPRegen 0.12/turn

%: reflection, guardian spirit
@: no status effects
A: fangs 3, regeneration 1, magic shield, antimagic bite, no potion heal 2
a: Renounce Religion, Stomp, Line Pass


You were on level 8 of the Dungeon.
You worshipped Uskayaw.
Uskayaw was noncommittal.
You visited 2 branches of the dungeon, and saw 9 of its levels.

You collected 360 gold pieces.
You spent 168 gold pieces at shops.

Inventory:

Hand Weapons
 a - a +1 dagger of flaming
 y - a +2 short sword of venom (weapon)
Armour
 b - a +0 scale mail (worn)
 c - a +0 buckler (worn)
 f - a scarf of resistance (worn)
 n - a +0 pair of boots (worn)
Jewellery
 e - a ring of fire
 r - the ring "Yluets" (right hand) {rPois Str+4 Dex+3}
   (You found it on level 3 of the Dungeon)

   [ring of poison resistance]

   Str+4:     It affects your strength (+4).
   Dex+3:     It affects your dexterity (+3).
   rPois:     It protects you from poison
 s - a +6 ring of strength (left hand)
 z - an amulet of reflection (around neck)
Wands
 x - a wand of iceblast (6)
Scrolls
 g - 8 scrolls of identify {unknown}
 j - a scroll of fog {unknown}
 l - a scroll of poison {unknown}
 m - a scroll of amnesia {unknown}
 o - a scroll of torment {unknown}
 q - 2 scrolls of immolation {unknown}
 u - 2 scrolls of noise {unknown}
 A - a scroll of teleportation {unknown}
 B - a scroll of revelation {unknown}
 D - 2 scrolls of blinking {unknown}
 E - a scroll of brand weapon {unknown}
Potions
 d - 3 potions of might
 h - a potion of haste {unknown}
 i - a potion of resistance {unknown}
 k - a potion of curing {unknown}
 p - a potion of brilliance {unknown}
 t - 2 potions of heal wounds {unknown}
 v - 2 potions of invisibility {unknown}
 w - 2 potions of attraction {unknown}
 C - a potion of degeneration {unknown}


   Skills:
 - Level 5.3 Fighting
 - Level 7.4 Short Blades
 - Level 4.0 Armour
 - Level 4.1 Dodging
 * Level 2.6 Stealth
 - Level 6.4 Shields


You had 8 spell levels left.
You didn't know any spells.
Your spell library contained the following spells:

 Spells                   Type           Power      Damage    Failure   Level
 Blink                    Tloc           0%         N/A       83%         2
 Frozen Ramparts          Ice            0%         1d1       97%         3
 Animate Dead             Necr           0%         N/A       100%        4
 Manifold Assault         Tloc           0%         N/A       100%        4
 Petrify                  Tmut/Erth      0%         N/A       100%        4
 Borgnjor's Vile Clutch   Necr/Erth      0%         N/A       100%        5
 Metabolic Englaciation   Hex/Ice        0%         N/A       100%        5
 Death Channel            Necr           0%         N/A       100%        6


Dungeon Overview and Level Annotations

Branches:
Dungeon (8/15)             Temple (1/1) D:6
   Lair: D:8-11

Altars:
Ashenzari
Cheibriados
Dithmenos
Elyvilon
Fedhas
Gozag
Hepliaklqana
Makhleb
Nemelex Xobeh
Okawaru
Qazlal
Ru
Sif Muna
Uskayaw
Vehumet
Wu Jian
Xom
Yredelemnul
The Shining One

Shops:
D:7 (


Innate Abilities, Weirdness & Mutations

You have razor-sharp teeth.
Your natural rate of healing is unusually fast.
When hurt, damage is shared between your health and your magic reserves.
Your bite disrupts and absorbs the magic of your enemies.
Potions cannot restore your health.


Message History

The steam dragon is heavily wounded.
You closely miss the steam dragon. Your bite misses the steam dragon.
The steam dragon is heavily wounded.
You block the steam dragon's attack. x2
You closely miss the steam dragon. Your bite misses the steam dragon.
The steam dragon is heavily wounded.
The steam dragon bites you but does no damage.
You block the steam dragon's attack.
You hit the steam dragon but do no damage.
Your bite misses the steam dragon.
The steam dragon is heavily wounded.
The steam dragon closely misses you. x2
You hit the steam dragon.
The steam dragon is poisoned.
You bite the steam dragon. You drain its power.
The steam dragon is severely wounded.
You can now pass through a line of other dancers.
You hit the steam dragon.
The steam dragon is almost dead.
The steam dragon breathes steam at you. The ball of steam hits you. You resist.
The shadow strikes at you from the darkness!
Ouch! That really hurt!
Reactivating autopickup.
Unknown command.
You hit the steam dragon but do no damage.
The steam dragon looks as sick as possible!
The steam dragon is almost dead.
You closely miss the steam dragon.
The steam dragon is almost dead.
You kill the steam dragon!
The steam dragon scales are intact enough to wear.
The shadow slips into darkness.
The shadow flickers and vanishes!
Deactivating autopickup; reactivate with Ctrl-A.
Your Stealth skill gained 2 levels and is now at level 2!
You miss something.
Unknown command.
You closely miss something.
The shadow strikes at you from the darkness!
You die...

#.###........#......
...#........+....#.
.
............#..#.#.
..
####.........#..#.#.
...
......#...........#.
....
#.....####.......
.... #...#.#
#..##... #..##.....#
#....... #..[@.#####
##^.....
......{>........
...#...
..##############
....... ........
#.#..


There were no monsters in sight!

Vanquished Creatures
  Pikel (D:4)
  A kobold demonologist (D:6)
  Grinder (D:3)
  A steam dragon (D:8)
  2 water moccasins
  2 ice beasts
  A sky beast (D:7)
  An ogre (D:6)
  2 black bears
  A phantom (D:6)
  A kobold brigand (D:6)
  2 bullfrogs
  2 scorpions
  A gnoll sergeant (D:7)
  3 killer bees (D:8)
  2 orc priests (D:7)
  6 hounds
  An iguana (D:6)
  A sleepcap (D:6)
  An orc wizard (D:6)
  7 adders
  9 gnolls
  A shadow imp (D:5)
  A white imp (D:7)
  2 ufetubi (D:6)
  3 dart slugs
  11 orcs
  2 ball pythons
  5 endoplasms
  2 giant cockroaches (D:2)
  3 goblins
  3 hobgoblins
  6 jackals
  11 kobolds
  3 quokkas
  2 bats
  3 frilled lizards
  5 rats
  2 butterflies (D:1)
114 creatures vanquished.

Notes
Turn   | Place    | Note
-------+----------+-------------------------------------------
     0 | D:1      | gruber the Vine Stalker Fighter began the quest for the
                  | Orb.
     0 | D:1      | Reached XP level 1. HP: 11/11 MP: 2/2
    58 | D:1      | Reached skill level 2 in Short Blades
   104 | D:1      | Reached XP level 2. HP: 15/16 MP: 1/3
   455 | D:1      | Reached skill level 3 in Short Blades
   512 | D:2      | Reached XP level 3. HP: 19/19 MP: 4/4
  1280 | D:3      | Reached XP level 4. HP: 23/23 MP: 5/5
  1315 | D:3      | You fall into a shaft and drop 3 floors!
  1335 | D:6      | Reached skill level 4 in Short Blades
  1417 | D:5      | Entered Level 5 of the Dungeon
  1438 | D:5      | Reached XP level 5. HP: 27/27 MP: 6/6
  1455 | D:5      | Reached skill level 5 in Short Blades
  1558 | D:5      | Found a stormy altar of Qazlal.
  1561 | D:5      | Found a sparkling altar of Nemelex Xobeh.
  1658 | D:4      | Noticed a lemure
  1658 | D:4      | Noticed a lemure
  1659 | D:4      | Noticed a lemure
  1659 | D:4      | Noticed a lemure
  1743 | D:4      | Noticed Pikel
  1764 | D:4      | Killed Pikel
  1765 | D:4      | Reached skill level 7 in Short Blades
  1765 | D:4      | Reached XP level 6. HP: 32/32 MP: 7/7
  1765 | D:4      | Reached XP level 7. HP: 35/35 MP: 8/8
  1865 | D:4      | Found a hide-covered altar of Uskayaw.
  1986 | D:4      | Reached skill level 1 in Dodging
  2078 | D:3      | Noticed Grinder
  2078 | D:3      | Paralysed by Grinder for 3 turns
  2084 | D:3      | Killed Grinder
  2085 | D:3      | Gained mutation: You have razor-sharp teeth. [Vine Stalker
                  | growth]
  2085 | D:3      | Reached XP level 8. HP: 39/39 MP: 9/9
  2101 | D:3      | Found a faded altar of an unknown god.
  2314 | D:3      | Identified the ring "Yluets" {rPois Str+4 Dex+3}
  3270 | D:6      | Noticed a kobold demonologist
  3285 | D:6      | Noticed a sun demon
  3287 | D:6      | Killed a kobold demonologist
  3288 | D:6      | Reached skill level 5 in Fighting
  3288 | D:6      | Reached XP level 9. HP: 47/47 MP: 10/10
  3322 | D:6      | Found a staircase to the Ecumenical Temple.
  3758 | Temple   | Entered the Ecumenical Temple
  3820 | D:4      | Became a worshipper of Uskayaw the Reveller
  3908 | D:7      | Reached * piety under Uskayaw
  3946 | D:7      | Reached ** piety under Uskayaw
  4015 | D:7      | Reached *** piety under Uskayaw
  4293 | D:7      | Reached skill level 5 in Shields
  4465 | D:7      | Found Vitiw's Antique Weapon Emporium.
  4473 | D:7      | Bought a glowing rapier for 168 gold pieces
  4569 | D:8      | Found a white marble altar of Elyvilon.
  4671 | D:8      | Slain by a shadow

Illustrated notes

Levels and vault maps discovered:
D:1:      spicycebolla_arrival_clurvy, layout_basic
D:2:      layout_rooms, minmay_pentomino_p2
D:3:      layout_loops_corners, hellmonk_ecumenical_altar_run_dry, uniq_grinder
D:4:      layout_rooms, marbit_many_paths, uniq_pikel
D:5:      layout_rooms, mainiacjoe_overflow_catwalk_spiral
D:6:      layout_loops_ring, minmay_temple_entry_nine_rooms
D:7:      layout_loops_ring, serial_shops, shop
D:8:      lemuel_insect_pit, layout_basic, zin_statuary, elyvilon_altar_5,
          nzn_ghost_randoct, uniq_psyche
Temple:   minmay_freezing_vapour_temple

Skill      XL: |  1  2  3  4  5  6  7  8  9 |
---------------+----------------------------+-----
Short Blades   | 2 3 4 7 |  7.4
Dodging        | 3 4 |  4.1
Armour         | 4 |  4.0
Fighting       | 5 |  5.3
Shields        | 6 |  6.4
Stealth        | 2 |  2.6

Action                     |  1- 3 |  4- 6 |  7- 9 || total
---------------------------+-------+-------+-------++-------
  Melee: Rapier            |    51 |       |       ||    51
         Bite              |    21 |    24 |    92 ||   137
         Dagger            |    32 |    72 |    56 ||   160
         Short sword       |       |       |   193 ||   193
  Evoke: Wand              |       |     1 |     1 ||     2
   Stab: Sleeping          |     1 |       |       ||     1
         Paralysed         |       |     2 |     4 ||     6
 Armour: Scale mail        |    45 |    24 |    73 ||   142
  Dodge: Dodged            |    30 |    25 |    69 ||   124
  Block: Buckler           |    12 |    12 |    78 ||   102
         Reflection        |       |       |     1 ||     1

Table legend: (Time is in decaauts)
 A = Elapsed time spent in this place.
 B = Non-inter-level travel time spent in this place.
 C = Inter-level travel time spent in this place.
 D = Time resting spent in this place.
 E = Time spent auto-exploring this place.
 F = Levels seen in this place.
 G = Mean time per level.
                   A        B        C        D        E       F      G
               +--------+--------+--------+--------+--------+-----+--------+
         Total |   4571 |   4223 |    348 |      9 |   3403 |   9 |  507.9 |
       Dungeon |   4570 |   4224 |    346 |      9 |   3403 |   8 |  571.2 |
        Temple |      1 |      0 |      1 |      0 |      0 |   1 |    1.0 |
               +--------+--------+--------+--------+--------+-----+--------+

Top non-repeatable levels by time:
     D:6: 882 daAuts
     D:3: 794 daAuts
     D:7: 649 daAuts
     D:5: 543 daAuts
     D:4: 539 daAuts
     D:2: 538 daAuts
     D:1: 512 daAuts
     D:8: 108 daAuts
  Temple: 1 daAuts
